 Dungeon Crawl Stone Soup version 0.32-a0-42-ga30500b4d3 (webtiles) character file.

Game seed: 2004132952590381599

5 iamserjio the Firebug (level 1, 0/10 HPs)
             Began as a Tengu Fire Elementalist on Feb 2, 2024.
             Slain by an adder (1 damage)
             ... on level 1 of the Dungeon.
             The game lasted 00:00:59 (174 turns).

iamserjio the Firebug (Tengu Fire Elementalist)      Turns: 174, Time: 00:01:00

Health: 0/10       AC:  2    Str:  8    XL:     1   Next: 80%
Magic:  3/4        EV: 12    Int: 15    God:
Gold:   11         SH:  0    Dex: 14    Spells: 3/4 levels left

rFire   . . .        d - +0 dagger
rCold   . . .        (no shield)
rNeg    . . .        a - +0 robe
rPois   .            (helmet restricted)
rElec   .            (no cloak)
rCorr   .            (no gloves)
SInv    .            (boots unavailable)
Will    .....        (no amulet)
Stlth   ++           (no ring)
HPRegen 0.21/turn    (no ring)
MPRegen 0.09/turn

%: acrobat
@: brilliant
A: beak, talons 3, acrobatic
a: no special abilities


You were on level 1 of the Dungeon.
You visited 1 branch of the dungeon, and saw 2 of its levels.

You collected 11 gold pieces.

Inventory:

Hand Weapons
 d - a +0 dagger (weapon)
Missiles
 f - 6 boomerangs
Armour
 a - a +0 robe (worn)
Jewellery
 e - a ring of see invisible
Scrolls
 g - a scroll of teleportation {unknown}
 i - a scroll of poison {unknown}
Potions
 b - a potion of magic
 h - a potion of mutation {unknown}


   Skills:
 - Level 2.1 Dodging
 - Level 2.0 Stealth
 + Level 2.1 Spellcasting
 + Level 1.7 Conjurations
 * Level 3.5 Fire Magic


You had 3 spell levels left.
You knew the following spells:

 Your Spells              Type           Power      Damage    Failure   Level
a - Foxfire               Conj/Fire      56%        2x1d6     8%          1

Your spell library contained the following spells:

 Spells                   Type           Power      Damage    Failure   Level
 Scorch                   Fire           36%        2d6       8%          2
 Inner Flame              Hex/Fire       10%        N/A       32%         3
 Volatile Blastmotes      Fire/Tloc      20%        2d11      32%         3
 Flame Wave               Conj/Fire      14%        2d6       58%         4


Dungeon Overview and Level Annotations

Branches:
Dungeon (2/15) Zot: 11825

Altars:
Qazlal


Innate Abilities, Weirdness & Mutations

You have a beak for a mouth.
You have claws for feet.
You can magically evade attacks while moving or waiting.


Message History

f - 6 boomerangs
Found a flux talisman.
g - a scroll labelled JERHUGUBE You see here a flux talisman.
Found a ruby potion.
h - a ruby potion
Found a scroll labelled BUOM KUFETZIM.
i - a scroll labelled BUOM KUFETZIM You can't go down here!
There is a stone staircase leading down here.
You climb downwards.
The ball python hisses angrily.
The adder hisses angrily.
Found 13 gold pieces and a ruby potion.
Found a stormy altar of Qazlal.
There is a stone staircase leading up here.
The adder bites you.
You are poisoned.
The adder poisons you! The ball python barely misses you.
The ball python closely misses you.
You climb upwards.
* * * LOW HITPOINT WARNING * * *
You feel very sick.
There is a stone staircase leading down here.
You feel sick.
You feel sick.
Casting: Foxfire (safe; 8% risk of failure)
Press: ? - help, Q - select action, (/) - cycle Dir - look around, f - activate You conjure some foxfire!
You feel sick. The adder bites you but does no damage.
Your foxfire dissipates!
You feel sick.
The foxfire hits the adder.
The ball python misses you. The ball python grabs you.
The ball python constricts you.
* * * LOW HITPOINT WARNING * * *
You escape the ball python's grasp.
* * * LOW HITPOINT WARNING * * *
You feel sick.
You are no longer poisoned.
It was a potion of brilliance.
You feel clever all of a sudden. The adder bites you.
You die...

#.#.#. #...#. #.###.
#.###. ########.....
.........####
#############..#
#.......# #..#
#.@.....# #..#
#.##S#####.# #..# #
#...S.>....#####..####
####.##.........%.#...
#.###.........##.##
#.......########.##
#.......# #.##
#####.### #.#. #...#
#..#


You could see an adder and a ball python.

Vanquished Creatures
  A bat (D:1)
  An endoplasm (D:1)
  A kobold (D:1)
  A quokka (D:1)
4 creatures vanquished.

Vanquished Creatures (others)
  13 foxfires (D:1)
13 creatures vanquished.

Grand Total: 17 creatures vanquished

Notes
Turn   | Place    | Note
-------+----------+-------------------------------------------
     0 | D:1      | iamserjio the Tengu Fire Elementalist began the quest for
                  | the Orb.
     0 | D:1      | Reached XP level 1. HP: 10/10 MP: 4/4
   166 | D:2      | Found a stormy altar of Qazlal.
   174 | D:1      | Slain by an adder

Illustrated notes

Levels and vault maps discovered:
D:1:      beargit_arrival_greenhouse, layout_loops_cross, serial_shops,
          nicolae_book_shop_shelving
D:2:      layout_rooms, basic_altar, serial_co_window_serial,
          co_window_of_opportunity_a, co_window_corner_a, co_window_paths_a,
          co_window_paths_b, co_window_corner_a, co_window_of_opportunity_a,
          co_window_paths_a, co_window_cross_1, co_window_corner_a,
          co_window_of_opportunity_b, co_window_unsneaky_path_b,
          co_window_of_opportunity_c, co_window_cross_3, co_window_corner_b,
          co_window_paths_d, co_window_4corner_a, glass_columns_a,
          minmay_goblin_outpost

Action                     || total
---------------------------++-------
  Melee: Dagger            ||     4
   Cast: Foxfire           ||     8
    Use: Potion            ||     1
 Armour: Robe              ||     6
  Dodge: Dodged            ||     7

Table legend: (Time is in decaauts)
 A = Elapsed time spent in this place.
 B = Non-inter-level travel time spent in this place.
 C = Inter-level travel time spent in this place.
 D = Time resting spent in this place.
 E = Time spent auto-exploring this place.
 F = Levels seen in this place.
 G = Mean time per level.
                   A        B        C        D        E       F      G
               +--------+--------+--------+--------+--------+-----+--------+
         Total |    173 |    154 |     19 |      0 |     26 |   2 |   86.5 |
       Dungeon |    173 |    154 |     19 |      0 |     26 |   2 |   86.5 |
               +--------+--------+--------+--------+--------+-----+--------+

Top non-repeatable levels by time:
     D:1: 172 daAuts
     D:2: 1 daAuts
